 Dungeon Crawl Stone Soup version 0.29.1-1-gd02db6906a (webtiles) character file.

Game seed: 4997242629893463311

98 Zeld the Conjurer (level 4, -1/49 HPs)
             Began as a Demigod Conjurer on Oct 7, 2022.
             Slain by a scorpion (3 damage)
             ... on level 3 of the Dungeon.
             The game lasted 00:04:00 (2368 turns).

Zeld the Conjurer (Demigod Conjurer)                Turns: 2368, Time: 00:04:01

Health: -1/49      AC:  3    Str:  8    XL:     4   Next: 21%
Magic:  9/10       EV: 12    Int: 24    God:
Gold:   79         SH:  0    Dex: 12    Spells: 7/8 levels left

rFire   . . .      SeeInvis .   (no weapon)
rCold   . . .      Faith    .   (no shield)
rNeg    . . .      Spirit   .   a - +0 robe
rPois   .          Reflect  .   f - +0 helmet
rElec   .          Harm     .   (no cloak)
rCorr   .          Rampage  .   (no gloves)
Will    +....                   (no boots)
Stlth   ..........              g - amulet of magic regeneration
HPRegen 0.16/turn               k - ring of willpower
MPRegen 0.52/turn               (no ring)

@: berserking, lethally poisoned (-1 -> -7), very quick
A: high MP 1, forlorn, divine attributes
a: no special abilities


You were on level 3 of the Dungeon.
You visited 1 branch of the dungeon, and saw 3 of its levels.

You collected 79 gold pieces.

Inventory:

Armour
 a - a +0 robe (worn)
 f - a +0 helmet (worn)
Jewellery
 g - an amulet of magic regeneration (around neck)
 k - a ring of willpower (left hand)
Scrolls
 e - 2 scrolls of enchant armour {unknown}
 h - a scroll of vulnerability {unknown}
 i - a scroll of identify {unknown}
 m - a scroll of teleportation {unknown}
Potions
 b - a potion of magic
 d - a potion of attraction {unknown}
 j - a potion of curing {unknown}
 l - a potion of cancellation {unknown}
 n - a potion of heal wounds {unknown}
 o - a potion of brilliance {unknown}
 p - a potion of lignification {unknown}


   Skills:
 + Level 2.4 Dodging
 + Level 2.5 Stealth
 * Level 2.6 Spellcasting
 * Level 4.2 Conjurations


You had 7 spell levels left.
You knew the following spells:

 Your Spells              Type           Power      Damage    Failure   Level
a - Magic Dart            Conj           92%        1d7       1%          1

Your spell library contained the following spells:

 Spells                   Type           Power      Damage    Failure   Level
 Searing Ray              Conj           46%        2d6       3%          2
 Beastly Appendage        Tmut           6%         N/A       12%         1
 Dazzling Flash           Conj/Hex       26%        N/A       14%         3
 Wereblood                Tmut           3%         N/A       17%         2
 Spider Form              Tmut/Pois      3%         N/A       34%         3
 Fulminant Prism          Conj/Hex       6%         3d7       43%         4
 Iskenderun's Mystic Bla  Conj/Tloc      13%        2d5       43%         4


Dungeon Overview and Level Annotations

Branches:
Dungeon (3/15)

Shops:
D:1 :


Innate Abilities, Weirdness & Mutations

You have an increased reservoir of magic. (+10% MP)
You shall have no god before yourself.
Your divine heritage dramatically boosts your attributes as you level up.


Message History

You don't know that spell.
Magic courses through your body.
You feel very sick. The scorpion closely misses you.
Casting: Magic Dart (safe; 1% risk of failure)
Confirm with . or Enter, or press ? or * to list all spells.
Aiming: Magic Dart (safe; 1% risk of failure)
Press: ? - help, Shift-Dir - straight line, f/p - scorpion
Aim: a scorpion (heavily wounded, 100% to hit)
The magic dart hits the scorpion.
The scorpion is heavily wounded.
You feel very sick. The scorpion barely misses you.
The scorpion stings you but does no damage.
Casting: Magic Dart (safe; 1% risk of failure)
Confirm with . or Enter, or press ? or * to list all spells.
Aiming: Magic Dart (safe; 1% risk of failure)
Press: ? - help, Shift-Dir - straight line, f/p - scorpion
Aim: a scorpion (heavily wounded, 100% to hit)
The magic dart hits the scorpion.
The scorpion is almost dead.
* * * LOW HITPOINT WARNING * * *
You feel sick. The scorpion stings you.
* * * LOW HITPOINT WARNING * * *
Unknown command.
It was a potion of berserk rage.
A red film seems to cover your vision as you go berserk!
You feel yourself moving faster!
You feel mighty!
* * * LOW HITPOINT WARNING * * *
You feel sick. The scorpion misses you.
You are too berserk!
Unknown command.
You are too berserk!
Okay, then.
You are too berserk!
You closely miss the scorpion.
The scorpion is almost dead.
* * * LOW HITPOINT WARNING * * *
You feel sick. The scorpion stings you.
You die...

#.# ..# #.# #.# #.# #.#
#######.####
......s@...#
#######.##.##.# #.#.# ##
#.##.##.# #.#.# .###
#.##.##.# ..#.# ..#
#....##.# ..#.## #.#
##.##.##.#
.....#♣♣♣♣'♣♣♣♣..##.##.#
......+.......'.###.##.#
....##♣.#...#.♣##
#.##.##########


You could see a scorpion.

Vanquished Creatures
  A gnoll (D:1)
  3 adders (D:2)
  A dart slug (D:1)
  8 ball pythons
  6 bats
  3 endoplasms
  8 giant cockroaches
  4 hobgoblins
  3 jackals (D:2)
  7 kobolds
  2 frilled lizards (D:1)
  5 goblins
  3 rats
54 creatures vanquished.

Vanquished Creatures (others)
  A kobold (D:3)
  A plant (D:1)
2 creatures vanquished.

Grand Total: 56 creatures vanquished

Notes
Turn   | Place    | Note
-------+----------+-------------------------------------------
     0 | D:1      | Zeld the Demigod Conjurer began the quest for the Orb.
     0 | D:1      | Reached XP level 1. HP: 14/14 MP: 5/5
   164 | D:1      | Reached XP level 2. HP: 13/20 MP: 1/7
   465 | D:1      | Found Waus's Book Shoppe.
   765 | D:1      | Reached skill level 4 in Conjurations
   765 | D:1      | Reached XP level 3. HP: 26/26 MP: 1/9
  1739 | D:2      | Reached XP level 4. HP: 33/33 MP: 8/10
  2367 | D:3      | HP: 2/49 [poisoned by a scorpion]
  2368 | D:3      | Slain by a scorpion

Illustrated notes

Levels and vault maps discovered:
D:1:      eino_arrival_druids_welcome, layout_rooms, serial_shops, shop
D:2:      layout_basic, serial_curves, eino_curves_02, eino_curves_01,
          eino_curves_04, kennysheep_generic_room_9
D:3:      layout_loops_ring, elyvilon_altar_4,
          mainiacjoe_overflow_six_doors_small

Skill      XL: |  1  2 |
---------------+-------+-----
Spellcasting   | 2 |  2.6
Stealth        | 2 |  2.5
Dodging        | 2 |  2.4
Conjurations   | 4 |  4.2

Action                   |  1- 3 |  4- 6 || total
-------------------------+-------+-------++-------
Melee: Unarmed           |    24 |     2 ||    26
       Punch             |     1 |       ||     1
 Cast: Magic Dart        |    78 |    29 ||   107
  Use: Potion            |       |     2 ||     2
 Stab: Sleeping          |       |     1 ||     1
Armor: Robe              |    20 |     4 ||    24
Dodge: Dodged            |    43 |     9 ||    52
